 Dungeon Crawl Stone Soup version 0.25-a0-413-g3b4b6a4ccc (webtiles) character file.

Game seed: 10996040882741525495, levelgen mode: deterministic

14576 Eurus the Martial Artist (level 11, -4/141 HPs)
             Began as a White Draconian Transmuter on Jan 15, 2020.
             Was an Elder of Sif Muna.
             Slain by a cyan ugly thing (15 damage)
             ... on level 12 of the Dungeon.
             The game lasted 01:20:58 (24449 turns).

Eurus the Martial Artist (DrTm)                    Turns: 24449, Time: 01:21:00

Health: -4/141     AC: 26    Str: 12    XL:     11   Next: 90%
Magic:  32/32      EV:  2    Int: 19    God:    Sif Muna [****..]
Gold:   701        SH:  0    Dex: 14    Spells: 14/27 levels left

rFire    . . .     SeeInvis .     - Unarmed
rCold    . . .     Gourm    .   (no shield)
rNeg     + + +     Faith    .   (armour unavailable)
rPois    +         Spirit   .   (helmet currently unavailable)
rElec    .         Reflect  .   (cloak currently unavailable)
rCorr    .         Harm     .   (gloves currently unavailable)
MR       .....     NoTele   +   (boots currently unavailable)
Stlth    ++........             s - amulet of magic regeneration
HPRegen  0.33/turn              r - +1 ring of protection (curse)
MPRegen  0.48/turn              k - ring "Hoidwicu" {MP+9 Int+4}

@: tree-form
A: (breathe frost), unfitting armour, AC +7
a: Channel Magic, Forget Spell, Divine Exegesis, Renounce Religion


You were on level 12 of the Dungeon.
You worshipped Sif Muna.
Sif Muna was greatly pleased with you.
You were hungry.
You were a tree.
You visited 3 branches of the dungeon, and saw 14 of its levels.

You collected 701 gold pieces.

Inventory:

Missiles
 a - 191 arrows
Armour
 d - a +1 cloak (melded)
 i - a +2 hat (melded)
 t - a +0 pair of gloves (melded)
Jewellery
 k - the ring "Hoidwicu" (right branch) {MP+9 Int+4}
   (You acquired it on level 10 of the Dungeon)

   [ring of magical power]

   It affects your intelligence (+4).
   It affects your magic capacity (+9).
 q - an uncursed ring of stealth
 r - a cursed +1 ring of protection (left branch)
 s - an amulet of magic regeneration (around neck)
 z - a +3 ring of intelligence
 H - an uncursed ring of stealth
 I - an uncursed ring of protection from cold
 K - an uncursed ring of protection from cold
 L - a cursed amulet of inaccuracy {unknown}
Wands
 y - a wand of digging (2)
 A - a wand of flame (20)
 B - a wand of polymorph (10)
 D - a wand of disintegration (17)
 F - a wand of random effects (19)
Scrolls
 b - 3 scrolls of teleportation
 e - 2 scrolls of identify
 h - a scroll of fog
 j - 6 scrolls of remove curse
 C - a scroll of amnesia {unknown}
 E - a scroll of magic mapping
 M - a scroll of enchant armour
Potions
 f - a potion of might
 g - 4 potions of agility
 l - a potion of flight
 m - 3 potions of curing
 n - a potion of magic
 o - 2 potions of brilliance
 p - a potion of lignification
 u - 2 potions of resistance
 v - a potion of cancellation {unknown}
 w - 2 potions of haste
 x - a potion of ambrosia {unknown}
 G - a potion of heal wounds {unknown}
Comestibles
 c - 20 rations


   Skills:
 + Level 7.9 Fighting
 + Level 6.9 Dodging
 - Level 1.3 Stealth
 + Level 8.9 Unarmed Combat
 + Level 8.7 Spellcasting
 + Level 2.0 Conjurations
 * Level 8.5 Transmutations
 + Level 8.1 Ice Magic


You had 14 spell levels left.
You knew the following spells:

 Your Spells              Type           Power        Failure   Level  Hunger
a - Beastly Appendage     Tmut           #####.       1%          1    None
b - Sticks to Snakes      Tmut           #####...     1%          2    None
c - Ice Form              Ice/Tmut       #####...     2%          4    ###....
d - Magic Dart            Conj           ###.         3%          1    None
e - Blade Hands           Tmut           #####.....   7%          5    #####..

Your spell library contained the following spells:

 Spells                   Type           Power        Failure   Level  Hunger
 Ensorcelled Hibernation  Hex/Ice        ###...       2%          2    None
 Spider Form              Tmut/Pois      ###.......   4%          3    None
 Searing Ray              Conj           ###...       5%          2    None
 Corona                   Hex            #......      9%          1    None
 Slow                     Hex            #.......     13%         2    None
 Petrify                  Tmut/Erth      ###.....     14%         4    ###....
 Dazzling Flash           Conj/Hex       ##....       17%         3    None
 Confusing Touch          Hex            #.......     26%         3    None
 Gell's Gravitas          Tloc           #.........   26%         3    None
 Inner Flame              Hex/Fire       #.......     26%         3    None
 Portal Projectile        Hex/Tloc       #.....       26%         3    None
 Tukima's Dance           Hex            #.......     26%         3    None
 Yara's Violent Unravell  Hex/Tmut       ###.......   38%         5    #####..
 Metabolic Englaciation   Hex/Ice        ###.......   41%         5    #####..
 Fulminant Prism          Conj/Hex       ##........   50%         4    ###....
 Iskenderun's Mystic Bla  Conj/Tloc      ##......     50%         4    ###....
 Cause Fear               Hex            #.........   63%         4    ###....
 Leda's Liquefaction      Hex/Erth       #.........   63%         4    ###....


Dungeon Overview and Level Annotations

Branches:
Dungeon (12/15)            Temple (1/1) D:7            Lair (0/6) D:11
    Orc (1/2) D:10

Altars:
Ashenzari
Elyvilon
Fedhas
Nemelex Xobeh
Qazlal
Ru
Sif Muna
Uskayaw
Vehumet
Wu Jian
Zin
The Shining One

Shops:
D:4 %   D:6 *   D:7 (   D:10 [

Annotations:
D:7 exclusion: two-headed ogre
D:8 exclusion: two-headed ogre
D:9 1 runed translucent door
D:11 Maggie, Maurice
D:12 exclusion: 2 wraiths


Innate Abilities, Weirdness & Mutations

((You can breathe waves of freezing cold.))
((You can buffet flying creatures when you breathe cold.))
((Your icy white scales are hard. (AC +7)))
You cannot fit into any form of body armour.
((Your flesh is cold resistant. (rC+)))
((You are cold-blooded and may be slowed by cold attacks.))


Message History

Your adder barely misses the cyan ugly thing.
Your adder closely misses the cyan ugly thing.
The cyan ugly thing headbutts you.
* * * LOW HITPOINT WARNING * * *
The cyan ugly thing shocks you!
* * * LOW HITPOINT WARNING * * *
You barely miss the cyan ugly thing.
The cyan ugly thing is almost dead.
Your adder barely misses the cyan ugly thing.
Your adder bites the cyan ugly thing but does no damage.
The cyan ugly thing headbutts you but does no damage.
Your adder bites the cyan ugly thing.
You catch the helpless cyan ugly thing completely off-guard!
You smack the cyan ugly thing!
The cyan ugly thing is almost dead.
Your adder barely misses the cyan ugly thing.
The cyan ugly thing headbutts you!
* * * LOW HITPOINT WARNING * * *
The cyan ugly thing shocks you!
You die...

####### ######
......#### #....#
.........# #....#
.........# #....#
.........######S♣S.#
............#...u..#
..............#....#
.....####...##.....#
.....###...........#
.....##}...........#
.....##............#
....###............#
................(.##


You could see a cyan ugly thing and 2 friendly adders.

Vanquished Creatures
  2 hydras
  An unseen horror (D:11)
  A manticore (D:11)
  A gargoyle (D:10)
  2 komodo dragons
  4 trolls
  5 hippogriffs
  A wyvern (D:9)
  18 yaks
  2 hungry ghosts
  5 wargs
  6 orc warriors
  2 ice beasts
  3 sky beasts
  A necrophage (D:8)
  7 ogres
  2 phantoms
  5 centaurs
  2 big kobolds
  A gnoll sergeant (D:9)
  9 bullfrogs
  A wyvern zombie (D:10)
  4 scorpions
  6 killer bees
  8 wights
  A howler monkey (D:4)
  2 electric eels (D:9)
  6 crimson imps
  A centaur zombie (D:8)
  4 jellies
  16 orc priests
  2 bullfrog zombies
  2 centaur skeletons
  4 hounds
  8 orc wizards
  4 bullfrog skeletons
  4 iguanas
  8 worker ants
  A hound zombie (D:9)
  A howler monkey skeleton (D:8)
  8 gnolls
  6 adders
  2 shadow imps
  3 oozes
  An adder zombie (D:7)
  3 adder skeletons
  5 worms
  2 dart slugs
  5 leopard geckos
  38 orcs
  5 giant cockroaches
  5 goblins
  4 hobgoblins
  7 jackals
  3 quokkas
  10 bats
  2 frilled lizards (D:1)
  13 kobolds
  A leopard gecko skeleton (D:5)
  A quokka skeleton (D:10)
  5 rats
292 creatures vanquished.

Vanquished Creatures (collateral kills)
  An ugly thing (D:10)
  An ogre (D:7)
  A crocodile (D:12)
  A hound (D:12)
  3 orcs
7 creatures vanquished.

Vanquished Creatures (others)
  2 plants
2 creatures vanquished.

Grand Total: 301 creatures vanquished

Notes
Turn   | Place    | Note
-------+----------+-------------------------------------------
     0 | D:1      | Eurus the Draconian Transmuter began the quest for the Orb.
     0 | D:1      | Reached XP level 1. HP: 16/16 MP: 3/3
   191 | D:1      | Reached XP level 2. HP: 15/23 MP: 5/5
  1188 | D:2      | Reached XP level 3. HP: 24/28 MP: 4/6
  1473 | D:2      | Learned a level 2 spell: Sticks to Snakes
  1519 | D:2      | Found a blossoming altar of Fedhas.
  2498 | D:3      | Reached XP level 4. HP: 34/35 MP: 7/7
  3502 | D:3      | Reached skill level 1 in Stealth
  3502 | D:3      | Reached XP level 5. HP: 39/40 MP: 6/8
  4093 | D:4      | Found Paats's Food Shop.
  4567 | D:4      | Reached skill level 5 in Unarmed Combat
  4603 | D:4      | Found a shimmering blue altar of Sif Muna.
  4609 | D:4      | Became a worshipper of Sif Muna the Loreminder
  4784 | D:5      | Entered Level 5 of the Dungeon
  4931 | D:5      | Reached XP level 6. HP: 40/47 MP: 10/10
  5220 | D:5      | Found a sacrificial altar of Ru.
  5698 | D:5      | Your scales start taking on an icy white colour.
  5698 | D:5      | Reached XP level 7. HP: 54/55 MP: 12/12
  5698 | D:5      | Gained mutation: Your flesh is cold resistant. (rC+) [White
                  | Draconian growth]
  6206 | D:6      | Found Huthroax's Lightly-Used Armoury.
  6210 | D:6      | Found an ornate altar of the Wu Jian Council.
  6819 | D:7      | Found a glowing golden altar of the Shining One.
  6870 | D:7      | Found a radiant altar of Vehumet.
  7002 | D:7      | Learned a level 4 spell: Ice Form
  7044 | D:7      | Found Xymasogu's Antique Weapon Emporium.
  7175 | D:7      | Found a stormy altar of Qazlal.
  7276 | D:7      | Found a staircase to the Ecumenical Temple.
  7282 | Temple   | Entered the Ecumenical Temple
  7323 | D:7      | Noticed a two-headed ogre
  7608 | D:7      | Reached skill level 1 in Ice Magic
  8078 | D:7      | Reached XP level 8. HP: 56/63 MP: 14/14
  8242 | D:6      | Found a glowing silver altar of Zin.
  8532 | D:8      | Found a sacrificial altar of Ru.
  8543 | D:8      | Found a sparkling altar of Nemelex Xobeh.
  8657 | D:8      | Noticed a two-headed ogre
  8813 | D:8      | Reached skill level 5 in Spellcasting
  9317 | D:8      | Reached skill level 5 in Transmutations
 10003 | D:7      | Reached XP level 9. HP: 64/71 MP: 17/17
 10416 | D:8      | Reached * piety under Sif Muna
 10645 | D:8      | Found a shattered altar of Ashenzari.
 11255 | D:8      | Reached skill level 5 in Fighting
 11271 | D:9      | Reached skill level 5 in Ice Magic
 11572 | D:9      | Noticed a troll
 11654 | D:9      | Noticed a sixfirhy
 11660 | D:9      | Found a runed translucent door.
 11948 | D:9      | Reached skill level 5 in Dodging
 12152 | D:9      | You fall into a shaft and drop 2 floors!
 12153 | D:11     | Noticed Maurice
 12190 | D:11     | Noticed a komodo dragon
 12219 | D:11     | Killed a komodo dragon
 12219 | D:11     | Reached XP level 10. HP: 46/81 MP: 20/20
 12433 | D:11     | Noticed a four-headed hydra
 12455 | D:11     | Killed a four-headed hydra
 12799 | D:11     | Noticed a seven-headed hydra
 12833 | D:11     | Found a staircase to the Lair.
 13091 | D:11     | Noticed Maggie
 13730 | D:10     | Entered Level 10 of the Dungeon
 13751 | D:10     | Found Laawu's Antique Armour Emporium.
 14646 | D:9      | Reached ** piety under Sif Muna
 16460 | D:9      | Reached XP level 11. HP: 55/91 MP: 23/23
 16827 | D:9      | Reached *** piety under Sif Muna
 17603 | D:10     | Found a staircase to the Orcish Mines.
 18211 | D:10     | Noticed a brown ugly thing
 19349 | Orc:1    | Entered Level 1 of the Orcish Mines
 20604 | Orc:1    | Noticed an orc warlord
 20628 | D:10     | Killed a brown ugly thing
 20946 | D:10     | Killed a seven-headed hydra
 21587 | D:11     | Learned a level 1 spell: Magic Dart
 21614 | D:10     | Identified a scroll of acquirement
 21614 | D:10     | Identified the ring "Hoidwicu" {MP+9 Int+4} (You acquired
                  | it on level 10 of the Dungeon)
 21614 | D:10     | Identified the +2 buckler of Valour {+Inv Str+3} (You
                  | acquired it on level 10 of the Dungeon)
 22349 | D:12     | Reached **** piety under Sif Muna
 22359 | D:12     | Learned a level 5 spell: Blade Hands
 22668 | D:12     | Noticed a cyan ugly thing
 22931 | D:11     | Killed an unseen horror
 22931 | D:11     | Reached skill level 1 in Conjurations
 24449 | D:12     | Slain by a cyan ugly thing

Levels and vault maps discovered:
D:1:      nzn_arrival_crosshair, layout_basic, hangedman_decor_peaks_small
D:2:      layout_loops_ring, fedhas_altar_fruit_tree
D:3:      layout_basic, lexackson_kobold_supper
D:4:      layout_basic, led_sif_pool, serial_shops, shop
D:5:      layout_basic, first_ration, basic_altar, kennysheep_path_1
D:6:      layout_basic, lemuel_crystal_altar, nicolae_overflow_hidden_temple,
          minmay_shop_damaged, chequers_serial_rivers_room_b
D:7:      layout_loops_corners, lemuel_doored_altar, vehumet_altar_wand_db,
          tso_metal_star, temple_statues, serial_shops,
          nicolae_shop_temple_entry_statues_fountains, grunt_ogre_cave
D:8:      layout_loops_ring, grunt_temple_overflow_open, nicolae_ru_awakened_eye
D:9:      cheibrodos_shockbox, layout_layer_cave, roderic_serpentine_path,
          kennysheep_doodads, hangedman_abyss_or_decor_jellyfish_corner
D:10:     layout_cave_pools, erik_orc_4, serial_shops, nicolae_shop_stone
D:11:     minmay_recursive_quarters, layout_basic, erik_lair_orcish_takeover,
          uniq_maggie, uniq_maurice
D:12:     layout_rooms, minmay_misc_feat_roman, chequers_serial_rivers_room_a,
          guppyfry_shop_venom, uniq_josephine
Temple:   chequers_temple_sunken
Orc:1:    layout_caves, serial_shops, shop, enter_bailey_3, uniq_snorg

Skill      XL: |  1  2  3  4  5  6  7  8  9 10 11 |
---------------+----------------------------------+-----
Dodging        | 2 3 4 5 6 |  6.9
Unarmed Combat | 4 5 6 7 8 |  8.9
Stealth        | 1 |  1.3
Transmutations | 3 4 5 6 7 8 |  8.5
Spellcasting   | 3 4 5 7 8 |  8.7
Fighting       | 2 3 4 5 6 7 |  7.9
Ice Magic      | 1 3 5 6 8 |  8.1
Conjurations   | 2 |  2.0

Action                   |  1- 3 |  4- 6 |  7- 9 | 10-12 || total
-------------------------+-------+-------+-------+-------++-------
Melee: Unarmed           |   146 |   198 |   449 |   887 ||  1680
       Tailslap          |    12 |    30 |    58 |   122 ||   222
       Headbutt          |     3 |     4 |    32 |    40 ||    79
       Kick              |     6 |    18 |    40 |   150 ||   214
       Punch             |     1 |     6 |    13 |    25 ||    45
 Cast: Beastly Appendage |    10 |    15 |    41 |    77 ||   143
       Sticks to Snakes  |       |     2 |     7 |    18 ||    27
       Magic Dart        |       |       |       |    14 ||    14
       Ice Form          |       |       |       |     1 ||     1
 Abil: Breathe Frost     |       |       |     5 |     9 ||    14
  Use: Scroll            |       |    17 |       |    14 ||    31
       Potion            |       |       |     2 |     4 ||     6
 Stab: Sleeping          |     2 |     3 |     4 |     1 ||    10
       Distracted        |       |       |       |     7 ||     7
  Eat: Chunk             |     5 |     7 |    19 |    37 ||    68
       Ration            |       |     1 |     1 |     3 ||     5
Armor: Skin              |    45 |    51 |   133 |   313 ||   542
Dodge: Dodged            |    92 |   104 |   335 |   641 ||  1172

Table legend:
 A = Non-vault XP
 B = Vault XP
 C = Vault XP percentage of total XP
 D = Non-vault monster count
 E = Vault monster count
 F = Vault count percentage of total count
                 A         B        C        D         E       F
            +---------+---------+-------+---------+---------+-------
      Total |   17959 |    2864 |  13.8 |     258 |      41 |  13.7
            +---------+---------+-------+---------+---------+-------
        D:1 |      30 |       0 |   0.0 |      19 |       0 |   0.0
        D:2 |      58 |       0 |   0.0 |      14 |       0 |   0.0
        D:3 |     110 |      15 |  12.0 |      19 |       8 |  29.6
        D:4 |     135 |       0 |   0.0 |       4 |       0 |   0.0
        D:5 |     421 |       0 |   0.0 |      13 |       0 |   0.0
        D:6 |      36 |       0 |   0.0 |       1 |       0 |   0.0
        D:7 |    1014 |     107 |   9.5 |      15 |       2 |  11.8
        D:8 |    2636 |       0 |   0.0 |      41 |       0 |   0.0
        D:9 |    4888 |     259 |   5.0 |      54 |       5 |   8.5
       D:10 |    3053 |     394 |  11.4 |      33 |      13 |  28.3
       D:11 |    3959 |    2089 |  34.5 |      26 |      13 |  33.3
       D:12 |    1610 |       0 |   0.0 |      16 |       0 |   0.0
      Orc:1 |       9 |       0 |   0.0 |       3 |       0 |   0.0
            +---------+---------+-------+---------+---------+-------
